 Dungeon Crawl Stone Soup version 0.31-a0-4-gefa6de2278 (webtiles) character file.

Game seed: 806499961722720042

3035 retardedninja the Magician (level 9, 0/62 (67) HPs)
             Began as a Gnoll Fire Elementalist on May 4, 2023.
             Was an Elder of Cheibriados.
             Slain by an orc
             ... wielding a +0 mace of draining
              (7 damage)
             ... on level 7 of the Dungeon.
             The game lasted 00:10:49 (8897 turns).

retardedninja the Magician (GnFE)                   Turns: 8897, Time: 00:10:49

HP:   0/62 (67)     AC:  0    Str: 18    XL:     9   Next: 86%
MP:   5/19          EV: 18    Int: 27    God:    Cheibriados [****..]
Gold: 402           SH:  0    Dex: 27    Spells: 12/22 levels left

rFire   + + +        c - staff of fire
rCold   . . .        (no shield)
rNeg    . . .        t - +0 robe
rPois   +            m - +0 helmet
rElec   .            B - +2 cloak of the Eternal Fruit {rF++ Regen+ Slay+2}
rCorr   .            o - +0 pair of gloves
SInv    .            (no boots)
Will    .....        (no amulet)
Stlth   ++++         q - ring of poison resistance
HPRegen 1.10/turn    A - +6 ring of dexterity
MPRegen 0.16/turn

%: no passive effects
@: corroded, drained, very slow
A: fangs 1, strong nose, distributed training
a: Renounce Religion, Bend Time, Temporal Distortion, Slouch


You were on level 7 of the Dungeon.
You worshipped Cheibriados.
Cheibriados was greatly pleased with you.
You visited 2 branches of the dungeon, and saw 8 of its levels.

You collected 402 gold pieces.

Inventory:

Armour
 m - a +0 helmet (worn)
 o - a +0 pair of gloves (worn)
 t - a +0 robe (worn)
 B - the +2 cloak of the Eternal Fruit (worn) {rF++ Regen+ Slay+2}
   (You found it on level 5 of the Dungeon)

   Slay:      It affects your accuracy & damage with ranged weapons and melee
   (+2).
   rF:        It greatly protects you from fire.
   Regen:     It increases your rate of health regeneration.
Magical Staves
 c - a staff of fire (weapon)
Jewellery
 q - a ring of poison resistance (left hand)
 A - a +6 ring of dexterity (right hand)
 D - an amulet of magic regeneration
Scrolls
 a - 2 scrolls of amnesia {unknown}
 d - 3 scrolls of identify {unknown}
 e - 2 scrolls of enchant armour {unknown}
 g - 3 scrolls of fog {unknown}
 h - a scroll of poison {unknown}
 j - 5 scrolls of teleportation {unknown}
 k - a scroll of summoning {unknown}
 n - a scroll of silence {unknown}
 p - 2 scrolls of immolation {unknown}
 v - a scroll of vulnerability {unknown}
 w - a scroll of noise {unknown}
 x - 4 scrolls of blinking {unknown}
 y - a scroll of enchant weapon {unknown}
 z - a scroll of torment {unknown}
Potions
 b - 3 potions of flight {unknown}
 f - 4 potions of curing
 i - 2 potions of lignification {unknown}
 l - a potion of degeneration {unknown}
 r - 2 potions of might {unknown}
 u - a potion of heal wounds {unknown}
 C - a potion of brilliance {unknown}
 E - a potion of haste {unknown}


   Skills:
 + Level 4.8 Fighting
 + Level 4.8 Short Blades
 + Level 4.8 Long Blades
 + Level 4.8 Axes
 + Level 4.8 Maces & Flails
 + Level 4.8 Polearms
 + Level 4.8 Staves
 + Level 4.8 Ranged Weapons
 + Level 4.8 Throwing
 + Level 4.8 Armour
 + Level 6.7 Dodging
 + Level 6.4 Stealth
 + Level 4.8 Shields
 + Level 4.8 Unarmed Combat
 + Level 7.0 Spellcasting
 + Level 4.5 Conjurations
 + Level 4.0 Hexes
 + Level 4.0 Summonings
 + Level 4.0 Necromancy
 + Level 4.0 Translocations
 + Level 4.0 Transmutations
 + Level 6.8 Fire Magic
 + Level 4.0 Ice Magic
 + Level 4.0 Air Magic
 + Level 4.0 Earth Magic
 + Level 4.0 Poison Magic
 + Level 5.3 Invocations
 + Level 4.8 Evocations


You had 12 spell levels left.
You knew the following spells:

 Your Spells              Type           Power      Damage    Failure   Level
a - Foxfire               Conj/Fire      100%       2x1d9     1%          1
b - Scorch                Fire           100%       2d9       1%          2
c - Flame Wave            Conj/Fire      57%        2d14      5%          4
d - Inner Flame           Hex/Fire       55%        N/A       1%          3

Your spell library contained the following spells:

 Spells                   Type           Power      Damage    Failure   Level
 Apportation              Tloc           62%        N/A       1%          1
 Freeze                   Ice            100%       1d10      1%          1
 Necrotise                Necr           100%       1d9       1%          1
 Summon Small Mammal      Summ           100%       N/A       1%          1
 Sublimation of Blood     Necr           31%        N/A       1%          2
 Volatile Blastmotes      Fire/Tloc      100%       2d18      1%          3
 Frozen Ramparts          Ice            62%        1d10      3%          3
 Hailstorm                Conj/Ice       32%        3d8       3%          3
 Petrify                  Tmut/Erth      31%        N/A       11%         4
 Irradiate                Conj/Tmut      16%        3d17      28%         5


Dungeon Overview and Level Annotations

Branches:
Dungeon (7/15)             Temple (1/1) D:6

Altars:
Cheibriados
Dithmenos
Elyvilon
Fedhas
Gozag
Kikubaaqudgha
Makhleb
Nemelex Xobeh
Okawaru
Sif Muna
Uskayaw
Vehumet
Wu Jian
Yredelemnul
Zin
The Shining One

Shops:
D:4 *

Annotations:
D:7 1 transporter


Innate Abilities, Weirdness & Mutations

You have very sharp teeth.
Your uncanny sense of smell can sniff out nearby items.
Your experience applies equally to all skills.


Message History

The orc hits you but does no damage.
You feel drained. The jelly barely misses you. The gnoll misses you.
The orc barely misses you. The orc hits you with a +0 flail.
Something hits you but does no damage. The orc misses you.
The jelly completely misses you.
The gnoll hits you from afar with a +3 vampiric spear.
Something closely misses you. Something closely misses you.
The jelly attacks as you move away! The jelly misses you.
The orc attacks as you move away! The orc misses you.
Something hits you but does no damage. The jelly attacks as you move away!
The jelly closely misses you. The gnoll closely misses you.
The jelly misses you. The orc misses you. Something hits you.
Something shocks you. The jelly completely misses you.
The orc hits you with a +0 mace of draining.
You feel drained. Something hits you but does no damage.
The gnoll closely misses you. Something hits you but does no damage.
The gnoll barely misses you. The jelly hits you. The acid corrodes you!
You are splashed with acid!
The orc hits you but does no damage.
You feel drained. The gnoll hits you with a +0 flail.
The jelly attacks as you move away! The jelly misses you.
Found 13 gold pieces.
The jelly hits you. The acid corrodes you!
You are splashed with acid!
The orc barely misses you. The gnoll closely misses you.
The gnoll hits you from afar with a +3 vampiric spear!
The jelly attacks as you move away! The jelly misses you. The gnoll misses you.
The jelly closely misses you. The orc closely misses you.
The orc attacks as you move away! The orc barely misses you.
The orc closely misses you. The orc misses you. The orc closely misses you.
There is a stone staircase leading up here.
The gnoll hits you with a +0 flail!
* * * LOW HITPOINT WARNING * * *
Something hits you.
* * * LOW HITPOINT WARNING * * *
Something shocks you.
* * * LOW HITPOINT WARNING * * *
The orc misses you.
The orc hits you with a +0 mace of draining!
You die...

###.##.......#...
..##.#.....$........
#.#.......#.#.......
#.........###....... #
#...................
..####..#...............
........................
##.....go...............
.#..$...@.g..............
.........og..............
....##..J...........#...
..........(.........##..
. #....................
##....................
#...<.................
#...#.................
.......##...#............


You could see a jelly, 3 gnolls and 2 orcs.

Vanquished Creatures
  Pikel (D:6)
  A water moccasin (D:7)
  Duvessa (D:4)
  2 ice beasts
  A black bear (D:4)
  2 ogres (D:5)
  2 centaurs
  2 lemures (D:6)
  A kobold brigand (D:7)
  2 phantoms
  Blork the orc (D:6)
  A gnoll sergeant (D:5)
  A bullfrog (D:6)
  2 scorpions (D:5)
  3 wights (D:7)
  Dowan (D:4)
  A jelly (D:4)
  3 bullfrog zombies (D:6)
  2 centaur zombies (D:6)
  2 orc priests
  2 gnoll boudas
  2 hounds (D:5)
  Jessica (D:3)
  Natasha (thrice) (D:3)
  3 iguanas
  4 orc wizards
  A killer bee zombie (D:6)
  A howler monkey zombie (D:6)
  13 gnolls
  6 adders
  A shadow imp (D:5)
  3 white imps (D:6)
  7 worms
  3 dart slugs
  16 orcs
  6 bats
  5 endoplasms
  5 giant cockroaches
  14 goblins
  6 hobgoblins
  7 jackals
  2 quokkas (D:3)
  9 ball pythons
  A frilled lizard (D:3)
  15 kobolds
  5 rats
173 creatures vanquished.

Vanquished Creatures (collateral kills)
  6 foxfires (D:4)
6 creatures vanquished.

Vanquished Creatures (others)
  633 foxfires
  3 plants (D:4)
636 creatures vanquished.

Grand Total: 815 creatures vanquished

Notes
Turn   | Place    | Note
-------+----------+-------------------------------------------
     0 | D:1      | retardedninja the Gnoll Fire Elementalist began the quest
                  | for the Orb.
     0 | D:1      | Reached XP level 1. HP: 13/13 MP: 6/6
   203 | D:1      | Reached XP level 2. HP: 19/19 MP: 3/7
   393 | D:1      | Learned a level 2 spell: Scorch
   944 | D:1      | Reached skill level 5 in Spellcasting
   944 | D:1      | Reached XP level 3. HP: 25/25 MP: 6/9
  1054 | D:1      | You fall into a shaft and drop 1 floor!
  1253 | D:2      | Reached skill level 1 in Invocations
  1347 | D:2      | Found a shadowy altar of Dithmenos.
  1665 | D:2      | Found a faded altar of an unknown god.
  1859 | D:2      | Reached skill level 1 in Fighting
  1859 | D:2      | Reached skill level 1 in Short Blades
  1859 | D:2      | Reached skill level 1 in Long Blades
  1859 | D:2      | Reached skill level 1 in Axes
  1859 | D:2      | Reached skill level 1 in Maces & Flails
  1859 | D:2      | Reached skill level 1 in Polearms
  1859 | D:2      | Reached skill level 1 in Staves
  1859 | D:2      | Reached skill level 1 in Ranged Weapons
  1859 | D:2      | Reached skill level 1 in Throwing
  1859 | D:2      | Reached skill level 1 in Armour
  1859 | D:2      | Reached skill level 1 in Shields
  1859 | D:2      | Reached skill level 1 in Unarmed Combat
  1859 | D:2      | Reached skill level 1 in Evocations
  2188 | D:2      | Reached XP level 4. HP: 32/32 MP: 9/11
  2815 | D:3      | Noticed Natasha
  2823 | D:3      | Killed Natasha
  2824 | D:3      | Reached skill level 1 in Hexes
  2824 | D:3      | Reached skill level 1 in Summonings
  2824 | D:3      | Reached skill level 1 in Necromancy
  2824 | D:3      | Reached skill level 1 in Translocations
  2824 | D:3      | Reached skill level 1 in Transmutations
  2824 | D:3      | Reached skill level 1 in Ice Magic
  2824 | D:3      | Reached skill level 1 in Air Magic
  2824 | D:3      | Reached skill level 1 in Earth Magic
  2824 | D:3      | Reached skill level 1 in Poison Magic
  2917 | D:3      | Found a shimmering blue altar of Sif Muna.
  3018 | D:3      | Reached XP level 5. HP: 37/37 MP: 7/12
  3099 | D:3      | Noticed Natasha
  3104 | D:3      | Killed Natasha
  3234 | D:3      | Noticed Natasha
  3241 | D:3      | Killed Natasha
  3298 | D:3      | Found a radiant altar of Vehumet.
  3323 | D:3      | Found a blossoming altar of Fedhas.
  3460 | D:3      | Found a snail-covered altar of Cheibriados.
  3484 | D:3      | Became a worshipper of Cheibriados the Contemplative
  3580 | D:3      | Noticed Jessica
  3584 | D:3      | Killed Jessica
  3623 | D:3      | Found a glowing golden altar of the Shining One.
  3932 | D:3      | Reached XP level 6. HP: 18/44 MP: 2/14
  4223 | D:3      | Learned a level 4 spell: Flame Wave
  4362 | D:3      | Reached skill level 5 in Dodging
  4539 | D:4      | Reached * piety under Cheibriados
  4642 | D:4      | Found a white marble altar of Elyvilon.
  4728 | D:4      | Found a glowing silver altar of Zin.
  4730 | D:4      | Found Zin's Purification Station.
  4854 | D:4      | Noticed Dowan
  4863 | D:4      | Noticed Duvessa
  4867 | D:4      | Killed Dowan
  4868 | D:4      | Reached XP level 7. HP: 51/51 MP: 3/15
  4873 | D:4      | Killed Duvessa
  5291 | D:4      | Reached skill level 5 in Stealth
  5564 | D:5      | Entered Level 5 of the Dungeon
  5631 | D:5      | Reached ** piety under Cheibriados
  5963 | D:5      | Reached XP level 8. HP: 49/58 MP: 9/16
  6044 | D:5      | Reached skill level 6 in Spellcasting
  7082 | D:5      | Found an iron altar of Okawaru.
  7088 | D:5      | Identified the +2 cloak of the Eternal Fruit {rF++ Regen+
                  | Slay+2}
  7247 | D:6      | Reached *** piety under Cheibriados
  7354 | D:6      | Found a basalt altar of Yredelemnul.
  7593 | D:6      | Noticed Blork the orc
  7604 | D:6      | Killed Blork the orc
  7640 | D:6      | Noticed Pikel
  7650 | D:6      | Killed Pikel
  7651 | D:6      | Reached XP level 9. HP: 65/65 MP: 10/18
  7910 | D:6      | Found a staircase to the Ecumenical Temple.
  8137 | Temple   | Entered the Ecumenical Temple
  8286 | D:6      | Learned a level 3 spell: Inner Flame
  8665 | D:7      | Reached skill level 5 in Invocations
  8752 | D:7      | Reached skill level 7 in Spellcasting
  8835 | D:7      | Found a transporter.
  8850 | D:7      | Reached **** piety under Cheibriados
  8897 | D:7      | Slain by an orc

Illustrated notes

Levels and vault maps discovered:
D:1:      lemuel_arrival_cross, layout_basic, minmay_heptomino_d4
D:2:      minmay_spotlight, layout_basic, hellmonk_ecumenical_altar_lost_god,
          basic_altar, minmay_misc_feat_rows
D:3:      layout_basic, tso_oasis_becter, cheibrodos_worm_habitat,
          mainiacjoe_overflow_catwalk, mainiacjoe_overflow_two_lobes,
          uniq_jessica, uniq_natasha
D:4:      layout_gridville, elyvilon_altar_3, zin_purify, grunt_ministairs_10,
          guppyfry_early_lair_pool, uniq_duvessa
D:5:      layout_loops_cross, mainiacjoe_overflow_six_doors_small,
          minmay_ogre_servants
D:6:      layout_loops_ring, nicolae_yredelemnul_corpse_copse,
          minmay_temple_entry_waves, uniq_blork_the_orc, uniq_pikel
D:7:      layout_cave_pools, mainiacjoe_overflow_concentric_impassable,
          serial_shops, nicolae_shop_drivethru
Temple:   hellmonk_temple_of_storms

Skill      XL: |  1  2  3  4  5  6  7  8  9 |
---------------+----------------------------+-----
Conjurations   | 2 3 4 |  4.5
Spellcasting   | 5 6 7 |  7.0
Invocations    | 1 2 3 4 5 |  5.3
Fighting       | 1 2 3 4 |  4.8
Short Blades   | 1 2 3 4 |  4.8
Long Blades    | 1 2 3 4 |  4.8
Axes           | 1 2 3 4 |  4.8
Maces & Flails | 1 2 3 4 |  4.8
Polearms       | 1 2 3 4 |  4.8
Staves         | 1 2 3 4 |  4.8
Ranged Weapons | 1 2 3 4 |  4.8
Throwing       | 1 2 3 4 |  4.8
Armour         | 1 2 3 4 |  4.8
Shields        | 1 2 3 4 |  4.8
Unarmed Combat | 1 2 3 4 |  4.8
Evocations     | 1 2 3 4 |  4.8
Hexes          | 1 2 3 4 |  4.0
Summonings     | 1 2 3 4 |  4.0
Necromancy     | 1 2 3 4 |  4.0
Translocations | 1 2 3 4 |  4.0
Transmutations | 1 2 3 4 |  4.0
Ice Magic      | 1 2 3 4 |  4.0
Air Magic      | 1 2 3 4 |  4.0
Earth Magic    | 1 2 3 4 |  4.0
Poison Magic   | 1 2 3 4 |  4.0
Dodging        | 5 6 |  6.7
Stealth        | 5 6 |  6.4
Fire Magic     | 6 |  6.8

Action                     |  1- 3 |  4- 6 |  7- 9 || total
---------------------------+-------+-------+-------++-------
  Melee: Staff             |       |       |    16 ||    16
         Bite              |       |       |     1 ||     1
   Cast: Foxfire           |   104 |   114 |   162 ||   380
         Scorch            |     3 |    19 |    35 ||    57
         Flame Wave        |       |       |     6 ||     6
  Evoke: Wand              |       |     1 |     7 ||     8
    Use: Potion            |     1 |       |     2 ||     3
   Stab: Distracted        |       |       |     1 ||     1
 Armour: Robe              |     3 |     6 |    40 ||    49
  Dodge: Dodged            |    15 |    26 |   187 ||   228

Table legend: (Time is in decaauts)
 A = Elapsed time spent in this place.
 B = Non-inter-level travel time spent in this place.
 C = Inter-level travel time spent in this place.
 D = Time resting spent in this place.
 E = Time spent auto-exploring this place.
 F = Levels seen in this place.
 G = Mean time per level.
                   A        B        C        D        E       F      G
               +--------+--------+--------+--------+--------+-----+--------+
         Total |   9914 |   9701 |    213 |   1888 |   6338 |   8 | 1239.2 |
       Dungeon |   9848 |   9645 |    203 |   1888 |   6292 |   7 | 1406.9 |
        Temple |     66 |     56 |     10 |      0 |     46 |   1 |   66.0 |
               +--------+--------+--------+--------+--------+-----+--------+

Top non-repeatable levels by time:
     D:5: 2008 daAuts
     D:3: 1835 daAuts
     D:6: 1637 daAuts
     D:2: 1561 daAuts
     D:1: 1221 daAuts
     D:4: 1176 daAuts
     D:7: 408 daAuts
  Temple: 66 daAuts
